 Dungeon Crawl Stone Soup version 0.18-a0-1372-gd644665 (webtiles) character file.

2850 namelastname112 the Slasher (level 9, 0/112 HPs)
             Began as a Purple Draconian Gladiator on Feb 21, 2016.
             Was a Believer of Nemelex Xobeh.
             Slain by a yak (4 damage)
             ... on level 8 of the Dungeon.
             The game lasted 00:13:31 (7461 turns).

namelastname112 the Slasher (DrGl)                  Turns: 7461, Time: 00:13:31

Health: 0/112      AC: 20    Str: 22 (23) XL:     9   Next: 46%
Magic:  12/14      EV:  2    Int:  9      God:    Nemelex Xobeh [**....]
Gold:   361        SH:  5    Dex: 19      Spells: 0 memorised, 8 levels left

rFire  . . .     SeeInvis .     a - +0 long sword
rCold  . . .     Gourm    .     (armour unavailable)
rNeg   + + +     Faith    .     s - +0 buckler
rPois  +         Spirit   .     (helmet currently unavailable)
rElec  .         Dismiss  .     (cloak currently unavailable)
rCorr  .         Reflect  .     (gloves currently unavailable)
SustAt .         Harm     .     (boots currently unavailable)
MR     +....     NoTele   +     (no amulet)
Stlth  +++.......               (no ring)
                                g - ring of positive energy (curse)

@: mighty, agile, short of breath, tree-form, corroded equipment, somewhat
resistant to hostile enchantments, fairly stealthy
A: (breathe power), unfitting armour, (horns 0), (stinger 0), (cold-blooded), AC
+7
a: Renounce Religion


You were on level 8 of the Dungeon.
You worshipped Nemelex Xobeh.
Nemelex Xobeh was pleased with you.
You were near starving.
You were a tree.
You visited 2 branches of the dungeon, and saw 10 of its levels.
You also visited: Ossuary.

You collected 361 gold pieces.

Inventory:

Hand Weapons
 a - a +0 long sword (weapon)
Missiles
 c - 2 throwing nets (quivered)
Armour
 b - a +0 hat (melded)
 j - a +2 cloak (melded)
 s - a +0 buckler (worn)
 v - a +0 pair of boots (melded)
Jewellery
 g - a cursed ring of positive energy (left branch)
Wands
 p - a wand of confusion (0/48)
 r - a wand of slowing (19/48)
 w - a wand of iceblast (9/15)
Scrolls
 m - a scroll of magic mapping
 n - 2 scrolls of identify
 x - a scroll of remove curse {unknown}
 y - 2 scrolls of immolation {unknown}
 D - a scroll of fog {unknown}
Potions
 e - a potion of flight {unknown}
 l - 2 potions of brilliance
 t - a potion of agility
 A - a potion of berserk rage
Comestibles
 d - 4 bread rations
 q - 3 meat rations


   Skills:
 + Level 6.0 Fighting
 * Level 7.9 Long Blades
 - Level 3.2 Throwing
 + Level 5.4 Dodging
 + Level 3.9 Shields
 * Level 6.7 Evocations


You had 8 spell levels left.
You didn't know any spells.

Dungeon Overview and Level Annotations

Branches:
Dungeon (9/15)             Temple (1/1) D:4            Lair (0/8) D:8
    Orc: D:9-12

Altars:
Ashenzari
Cheibriados
Dithmenos
Elyvilon
Fedhas
Gozag
Kikubaaqudgha
Makhleb
Nemelex Xobeh
Okawaru
Pakellas
Qazlal
Ru
Sif Muna
Trog
Vehumet
Xom
Yredelemnul
Zin
The Shining One

Annotations:
D:8 Erica, Maurice


Innate Abilities, Weirdness & Mutations

((You can breathe bolts of dispelling energy.))
((Your rich purple scales are hard (AC +7).))
Your body does not fit into most forms of armour.
((You are cold-blooded and may be slowed by cold attacks.))
((You have a pair of small horns on your head.))
((Your tail ends in a poisonous barb.))


Message History

Evoke which item? (* to show all) (? for menu, Esc to quit)
Okay, then.
Drink which item? (? for menu, Esc to quit)
You feel very mighty all of a sudden.
You hear a zap.
A bolt of acid appears from out of thin air!
Helpless, you fail to dodge the bolt of acid.
* * * LOW HITPOINT WARNING * * *
The acid corrodes you!
The acid burns!
* * * LOW HITPOINT WARNING * * *
The yak gores you but does no damage.
You hit something. Something hits you but does no damage.
The yak gores you but does no damage.
You miss something. Something hits you but does no damage.
You block the yak's attack.
You barely miss something.
You hear some strange, mumbled words.
The yak gores you.
You die...
Your body glows slightly and disappears.

#<# #.# #.# #.#
####.######
#.........#
#######.........##
#♣Y.$†...........#
#§#####...........
#.# #.........#.
#.# ##.#.##.#...
..# #.#.# .# ##
..# #.#.. .# ...#
..#### # {..# ..#


You could see a yak.

Vanquished Creatures
  A gargoyle (D:7)
  A two-headed ogre (D:6)
  An orc warrior (D:6)
  4 sky beasts
  A black bear (D:8)
  An ogre (D:6)
  A phantom (D:5)
  5 centaurs
  A big kobold (D:7)
  2 giant frogs
  2 water moccasin zombies (Ossuary)
  2 scorpions (D:4)
  A crimson imp (D:6)
  Crazy Yiuf (D:2)
  A jelly (D:6)
  2 hounds (D:5)
  4 orc priests
  4 orc wizards
  An iguana (D:7)
  4 worker ants
  A killer bee zombie (D:7)
  2 big kobold zombies (Ossuary)
  2 hound skeletons (D:7)
  2 mummies (Ossuary)
  7 adders
  4 gnolls (D:2)
  A shadow imp (D:6)
  An ooze (D:1)
  6 adder zombies
  3 worms (D:2)
  3 giant geckos
  17 orcs
  A bat zombie (D:6)
  4 giant cockroaches
  3 gnoll zombies (Ossuary)
  2 goblins
  6 hobgoblins
  9 jackals
  8 kobolds
  2 quokkas
  8 bats
  A giant gecko skeleton (D:4)
  4 giant newts
  4 hobgoblin zombies (Ossuary)
  A jackal skeleton (D:5)
  3 kobold zombies (Ossuary)
  4 orc zombies (Ossuary)
  A quokka zombie (D:7)
  8 rats
  A rat zombie (D:7)
159 creatures vanquished.

Vanquished Creatures (collateral kills)
  A giant frog skeleton (D:8)
  An orc priest (D:8)
  2 orcs (D:8)
4 creatures vanquished.

Vanquished Creatures (others)
  An orc (D:4)
  4 fungi (D:8)
  A plant (D:8)
6 creatures vanquished.

Grand Total: 169 creatures vanquished

Notes
Turn   | Place    | Note
--------------------------------------------------------------
     0 | D:1      | namelastname112 the Draconian Gladiator began the quest for the Orb.
     0 | D:1      | Reached XP level 1. HP: 17/17 MP: 1/1
     0 | D:1      | Noticed a draconian
     0 | D:1      | Noticed a ghoul
     3 | D:1      | Noticed an octopode
     3 | D:1      | Noticed a naga
     5 | D:1      | Noticed a dwarf
     6 | D:1      | Noticed a naga
     7 | D:1      | Noticed a troll
     8 | D:1      | Noticed a naga
    10 | D:1      | Noticed a centaur
    13 | D:1      | Noticed a felid
    15 | D:1      | Noticed an ogre
    15 | D:1      | Noticed a dwarf
    17 | D:1      | Noticed a minotaur
    19 | D:1      | Noticed a spriggan
    19 | D:1      | Noticed a ghoul
    21 | D:1      | Noticed a dwarf
   151 | D:1      | Reached XP level 2. HP: 22/25 MP: 2/2
   177 | D:1      | Found a glowing golden altar of the Shining One.
   640 | D:2      | Reached XP level 3. HP: 27/30 MP: 3/3
   652 | D:2      | Noticed Crazy Yiuf
   663 | D:2      | Killed Crazy Yiuf
   829 | D:2      | Reached XP level 4. HP: 35/37 MP: 4/4
   836 | D:2      | Found a white marble altar of Elyvilon.
   836 | D:2      | Found a deep blue altar of Sif Muna.
   848 | D:2      | Found a glowing silver altar of Zin.
  1255 | D:2      | Reached skill level 4 in Long Blades
  1456 | D:2      | Found a basalt altar of Yredelemnul.
  1463 | D:2      | Reached XP level 5. HP: 45/45 MP: 5/5
  2368 | D:5      | Entered Level 5 of the Dungeon
  2373 | D:5      | HP: 2/45 [poisoned by a worker ant]
  3106 | D:4      | Reached XP level 6. HP: 30/52 MP: 6/6
  3145 | D:4      | HP: 2/52 [poisoned by a scorpion]
  3485 | D:4      | Found a staircase to the Ecumenical Temple.
  3536 | Temple   | Entered the Ecumenical Temple
  3614 | Temple   | Became a worshipper of Nemelex Xobeh the Trickster
  3737 | D:4      | Reached skill level 5 in Long Blades
  3754 | D:4      | Received a gift from Nemelex Xobeh
  4097 | D:5      | Noticed a sky beast
  4107 | D:5      | Killed a sky beast
  4107 | D:5      | Reached skill level 1 in Shields
  4107 | D:5      | Reached skill level 1 in Evocations
  4111 | D:5      | Gained mutation: You can translocate small distances at will. [mutagenic meat]
  4112 | D:5      | Gained mutation: You are clumsy. (Dex -2) [mutagenic meat]
  4113 | D:5      | Gained mutation: Your muscles are strong. (Str +2) [mutagenic meat]
  4114 | D:5      | Lost mutation: You are clumsy. (Dex -2) [mutagenic meat]
  4115 | D:5      | Lost mutation: Your muscles are strong. (Str +2) [mutagenic meat]
  4116 | D:5      | Gained mutation: You have a pair of small horns on your head. [mutagenic meat]
  4143 | D:5      | Found a burning altar of Makhleb.
  4227 | D:5      | Reached XP level 7. HP: 59/59 MP: 8/8
  4227 | D:5      | Your scales start taking on a rich purple colour.
  4365 | D:5      | Reached * piety under Nemelex Xobeh
  4814 | D:6      | Gained mutation: Your magical capacity is low (-10% MP). [mutagenic meat]
  4815 | D:6      | Gained mutation: Your body sometimes deteriorates upon taking damage. [mutagenic meat]
  4816 | D:6      | Gained mutation: Your tail ends in a poisonous barb. [mutagenic meat]
  4817 | D:6      | Gained mutation: You are agile. (Dex +2) [mutagenic meat]
  4897 | D:6      | Reached skill level 6 in Long Blades
  4909 | D:6      | Reached XP level 8. HP: 63/67 MP: 9/9
  5283 | D:6      | Reached skill level 5 in Fighting
  5432 | D:6      | Noticed a two-headed ogre
  5802 | D:6      | Killed a two-headed ogre
  5802 | D:6      | Reached skill level 5 in Evocations
  5905 | D:6      | Reached skill level 7 in Long Blades
  5948 | D:6      | Found an ancient bone altar of Kikubaaqudgha.
  6155 | D:7      | Found a blossoming altar of Fedhas.
  6176 | D:7      | Gained mutation: Your large and strong wings let you fly indefinitely. [potion of mutation]
  6176 | D:7      | Lost mutation: You can translocate small distances at will. [potion of mutation]
  6205 | D:7      | Noticed a gargoyle
  6254 | D:7      | Found a sand-covered staircase.
  6261 | Ossuary  | Entered an ossuary
  6359 | Ossuary  | Reached skill level 5 in Dodging
  6375 | Ossuary  | Reached XP level 9. HP: 71/74 MP: 11/11
  6631 | D:7      | Received a gift from Nemelex Xobeh
  6793 | D:7      | Found an opulent altar of Gozag.
  6794 | D:7      | Found an iron altar of Okawaru.
  6880 | D:7      | Killed a gargoyle
  7378 | D:8      | Reached ** piety under Nemelex Xobeh
  7391 | D:8      | Noticed Erica
  7409 | D:8      | Found a staircase to the Lair.
  7418 | D:8      | Noticed Maurice
  7453 | D:8      | HP: 1/75 [yak (11)]
  7456 | D:8      | Lost mutation: Your body sometimes deteriorates upon taking damage. [potion of cure mutation]
  7456 | D:8      | Lost mutation: Your large and strong wings let you fly indefinitely. [potion of cure mutation]
  7456 | D:8      | Lost mutation: Your magical capacity is low (-10% MP). [potion of cure mutation]
  7456 | D:8      | Lost mutation: You are agile. (Dex +2) [potion of cure mutation]
  7458 | D:8      | HP: 3/112 [acid (13)]
  7461 | D:8      | Slain by a yak

Vault maps used:
D:1:      shiori_arrival_whats_in_store_for_you, tso_altar
D:2:      lemuel_round_altar, old_standard_altar,
          gammafunk_temple_overflow_wave, serial_bayou_crossing,
          uniq_crazy_yiuf_cottage
D:4:      temple_green, first_bread
D:5:      makhleb_heckhound_becter
D:6:      lemuel_zombie_altar_kikubaaqudgha
D:7:      gammafunk_temple_overflow_pools, lemuel_crystal_altar, enter_ossuary_4
D:8:      dpeg_oklobed_lair, uniq_maurice, uniq_gastronok, uniq_erica
D:9:      serial_shops, kennysheep_little_box
Temple:   water_room_temple_b_12
Ossuary:  ossuary_tomb_2

Action                   |  1- 3 |  4- 6 |  7- 9 || total
-------------------------+-------+-------+-------++-------
Melee: Long sword        |    82 |   226 |   313 ||   621
Throw: Throwing net      |     1 |       |       ||     1
 Abil: Breathe Dispellin |       |       |     4 ||     4
       Fly               |       |       |     1 ||     1
Evoke: Wand              |       |       |     5 ||     5
       Deck              |       |       |    10 ||    10
  Use: Potion            |     1 |       |    11 ||    12
       Scroll            |       |       |     7 ||     7
 Stab: Sleeping          |       |     1 |       ||     1
       Confused          |       |       |     3 ||     3
       Distracted        |       |       |     1 ||     1
  Eat: Chunk             |       |    15 |    12 ||    27
       Pizza             |       |     1 |       ||     1
       Royal jelly       |       |       |     1 ||     1
